 Dungeon Crawl Stone Soup version 0.26-b1-32-g5d43845318 (webtiles) character file.

Game seed: 15228703235799518657

6785 Borgoz the Basher (level 11, -1/102 HPs)
             Began as a Gargoyle Gladiator on Jan 10, 2021.
             Slain by an orc warrior
             ... wielding a +0 glaive
              (24 damage)
             ... in a bailey.
             The game lasted 00:14:34 (11551 turns).

Borgoz the Basher (Gargoyle Gladiator)             Turns: 11551, Time: 00:14:34

Health: -1/102     AC: 28    Str: 21    XL:     11   Next: 5%
Magic:  11/11      EV: 12    Int: 10    God:
Gold:   423        SH:  0    Dex: 14    Spells: 10/10 levels left

rFire    . . .     SeeInvis +   a - +0 flail
rCold    . . .     Faith    .   (no shield)
rNeg     + . .     Spirit   .   C - +3 chain mail "Utwior" {Str+4 SInv}
rPois    ∞         Reflect  .   t - +2 helmet
rElec    +         Harm     .   (no cloak)
rCorr    .         Rampage  .   A - +1 pair of gloves
Will     .....                  y - +0 pair of boots
Stlth    ..........             (no amulet)
HPRegen  0.27/turn              w - ring of flight
MPRegen  0.12/turn              (no ring)

@: berserking (expiring), studying Fighting, very quick
A: negative energy resistance 1, electricity resistance, unbreathing,
petrification resistance, miasma immunity, AC +8
a: Evoke Flight


You were in a bailey.
You visited 2 branches of the dungeon, and saw 10 of its levels.
You also visited: Bailey.

You collected 423 gold pieces.

Inventory:

Hand Weapons
 a - a +0 flail (weapon)
Armour
 d - a +0 crystal plate armour
 t - a +2 helmet (worn)
 y - a +0 pair of boots (worn)
 A - a +1 pair of gloves (worn)
 C - the +3 chain mail "Utwior" (worn) {Str+4 SInv}
   (You found it on level 8 of the Dungeon)

   It affects your strength (+4).
   It lets you see invisible.
Jewellery
 w - a ring of flight (left hand)
Wands
 g - a wand of disintegration (17)
 r - a wand of iceblast (17)
Scrolls
 b - a scroll of blinking {unknown}
 m - 2 scrolls of teleportation
 n - a scroll of enchant armour
 o - 4 scrolls of remove curse
 u - a scroll of enchant weapon {unknown}
Potions
 c - a potion of invisibility {unknown}
 e - 7 potions of heal wounds {unknown}
 h - a potion of brilliance {unknown}
 i - a potion of resistance
 j - 4 potions of flight {unknown}
 k - 4 potions of curing
 l - 4 potions of haste
 p - 2 potions of attraction {unknown}
 q - a potion of lignification
 B - 2 potions of mutation {unknown}
Books
 f - a manual of Fighting


   Skills:
 + Level 7.7 Fighting
 * Level 10.0 Maces & Flails
 - Level 1.7 Throwing
 + Level 7.2 Armour
 * Level 8.5 Dodging


You had 10 spell levels left.
You didn't know any spells.
Your spell library contained the following spells:

 Spells                   Type           Power        Failure   Level
 Corona                   Hex            0%           96%         1
 Slow                     Hex            0%           99%         2
 Inner Flame              Hex/Fire       0%           100%        3
 Portal Projectile        Hex/Tloc       0%           100%        3
 Cause Fear               Hex            0%           100%        4
 Leda's Liquefaction      Hex/Erth       0%           100%        4


Dungeon Overview and Level Annotations

Branches:
Dungeon (9/15)             Temple (1/1) D:4            Lair (0/6) D:8
 Bailey (1/1)
    Orc: D:9-12

Altars:
Ashenzari
Cheibriados
Dithmenos
Elyvilon
Fedhas
Gozag
Hepliaklqana
Kikubaaqudgha
Makhleb
Nemelex Xobeh
Okawaru
Qazlal
Ru
Sif Muna
Trog
Uskayaw
Vehumet
Wu Jian
Xom
Yredelemnul
Zin
The Shining One


Innate Abilities, Weirdness & Mutations

You are resistant to torment.
Your stone body is resilient. (AC +8)
You are immune to poison.
You resist negative energy. (rN+)
You are resistant to electric shocks. (rElec)
You can survive without breathing.
You are immune to petrification.
You are immune to miasma.


Message History

You sock the orc warrior!
You kill the orc warrior!
The orc warrior hits you with a +0 glaive.
The orc knight hits you from afar with a +0 halberd.
The orc warrior closely misses you.
You barely miss the orc warrior.
The orc warrior hits you with a +0 glaive.
* * * LOW HITPOINT WARNING * * *
The orc knight hits you with a +0 halberd!
* * * LOW HITPOINT WARNING * * *
The orc warrior hits you but does no damage.
Things that are here:
a +0 glaive; a +0 scale mail; an orc corpse You bludgeon the orc knight!!
The orc knight is moderately wounded.
You closely miss the orc knight.
The orc knight is moderately wounded.
The orc knight barely misses you.
The orc warrior hits you with a +0 glaive!!
You die...

.≈..^..≈≈≈(≈≈≈≈)≈(≈≈≈(≈≈..^..≈...
(≈##.∩#≈≈≈≈≈≈≈≈≈≈≈≈≈≈((≈#∩.##≈...
.≈≈#.#)≈≈≈≈≈#######(≈≈(≈≈#.#≈≈...
.)≈≈≈≈≈≈≈≈≈##≈≈≈≈##(≈≈≈(≈≈≈≈≈≈...
.≈≈((((≈(≈##≈≈≈≈≈##≈≈≈≈≈≈≈≈≈≈≈...
.≈≈≈≈≈≈≈≈##≈≈#'''##(≈≈(≈≈≈≈≈≈≈...
.≈≈≈≈≈≈≈≈#≈≈##∩.∩##≈≈##≈≈≈≈≈≈≈...
.≈≈≈≈≈≈≈##≈####'####≈##≈≈≈≈≈≈≈...
.≈≈≈≈≈≈≈##≈'.#oo@#.'≈##≈≈≈≈≈≈≈...
.≈≈≈≈≈≈≈##≈###.8o###≈##≈≈≈≈≈≈≈...
.≈≈≈≈≈≈≈##≈'.#?.)#)'≈##≈≈≈≈≈≈≈...
.≈≈≈≈≈≈≈##≈#########)##≈≈≈≈≈≈≈...
.≈≈≈≈≈≈≈(#≈)##.#.##≈)#≈≈≈≈≈≈≈≈...
.≈≈≈≈≈≈≈≈##≈≈#'#'#)≈##≈≈≈≈≈≈≈≈...
.≈≈≈≈≈≈≈((##≈≈≈≈≈≈≈##≈≈≈≈≈≈≈≈≈...
.≈≈≈≈≈≈(≈≈≈#########≈≈≈≈≈≈≈≈≈≈...
.≈≈#.#)≈≈≈≈≈≈(###≈≈≈≈≈)≈≈#.#≈≈...


You could see an orc knight and 2 orc warriors.

Vanquished Creatures
  Erica (D:7)
  A two-headed ogre (D:5)
  Pikel (D:4)
  A deep elf mage (D:6)
  Joseph (D:7)
  Eustachio (D:5)
  A water moccasin (D:8)
  2 black bears
  13 orc warriors
  An ice beast (D:7)
  An eye of draining (D:8)
  2 phantoms
  2 centaurs
  3 ogres
  A lemure (D:4)
  A big kobold (D:8)
  5 bullfrogs
  Blork the orc (D:4)
  4 scorpions
  A howler monkey (D:4)
  2 centaur zombies
  A quasit (D:7)
  2 jellies
  A bullfrog skeleton (D:8)
  6 orc priests
  6 hounds
  6 iguanas
  Ijyb (D:3)
  An orc wizard (D:8)
  6 worker ants
  A hound zombie (D:5)
  2 hound skeletons
  12 gnolls
  7 adders
  3 white imps
  An ufetubus (D:8)
  An ooze (D:3)
  An adder skeleton (D:9)
  A worm (D:2)
  A dart slug (D:1)
  5 leopard geckos
  24 orcs
  5 bats
  A giant cockroach (D:5)
  A goblin (D:2)
  A hobgoblin (D:1)
  5 jackals
  12 kobolds
  5 quokkas
  A ball python (D:4)
  4 frilled lizards
  A jackal skeleton (D:5)
  2 quokka skeletons
  A rat (D:3)
174 creatures vanquished.

Vanquished Creatures (others)
  3 fungi (D:8)
3 creatures vanquished.

Grand Total: 177 creatures vanquished

Notes
Turn   | Place    | Note
-------+----------+-------------------------------------------
     0 | D:1      | Borgoz the Gargoyle Gladiator began the quest for the Orb.
     0 | D:1      | Reached XP level 1. HP: 12/12 MP: 1/1
    12 | D:1      | Reached XP level 2. HP: 18/18 MP: 2/2
   799 | D:1      | Reached skill level 1 in Armour
   799 | D:1      | Reached XP level 3. HP: 16/22 MP: 3/3
  1691 | D:2      | Reached XP level 4. HP: 26/27 MP: 4/4
  2300 | D:2      | Found a faded altar of an unknown god.
  2630 | D:3      | Noticed Ijyb
  2665 | D:3      | Killed Ijyb
  2666 | D:3      | Reached skill level 4 in Maces & Flails
  2666 | D:3      | Reached XP level 5. HP: 30/32 MP: 5/5
  2870 | D:3      | Found a stormy altar of Qazlal.
  3453 | D:4      | Noticed an ogre
  3459 | D:4      | Killed an ogre
  3673 | D:4      | Reached XP level 6. HP: 37/37 MP: 6/6
  3939 | D:4      | Noticed Pikel
  3944 | D:4      | Paralysed by Pikel for 7 turns
  3961 | D:4      | Paralysed by Pikel for 7 turns
  3987 | D:4      | Killed Pikel
  3988 | D:4      | Reached skill level 5 in Maces & Flails
  3988 | D:4      | Reached XP level 7. HP: 16/43 MP: 7/7
  4207 | D:4      | Found a staircase to the Ecumenical Temple.
  4232 | Temple   | Entered the Ecumenical Temple
  4382 | D:4      | Noticed Blork the orc
  4394 | D:4      | Killed Blork the orc
  4410 | D:4      | Reached XP level 8. HP: 33/48 MP: 8/8
  4847 | D:4      | Reached skill level 5 in Dodging
  4862 | D:4      | Reached skill level 6 in Maces & Flails
  5163 | D:5      | Entered Level 5 of the Dungeon
  5293 | D:5      | Noticed a two-headed ogre
  5302 | D:5      | Killed a two-headed ogre
  5303 | D:5      | Reached skill level 5 in Fighting
  5303 | D:5      | Reached skill level 7 in Maces & Flails
  5303 | D:5      | Reached XP level 9. HP: 25/54 MP: 9/9
  5646 | D:5      | Noticed Eustachio
  5673 | D:5      | Killed Eustachio
  5911 | D:5      | Reached skill level 5 in Armour
  6894 | D:6      | Noticed a deep elf mage
  6913 | D:6      | Killed a deep elf mage
  6914 | D:6      | Reached skill level 8 in Maces & Flails
  7135 | D:5      | Found a broken altar of Ashenzari.
  7739 | D:7      | Noticed Joseph
  7759 | D:7      | Killed Joseph
  7760 | D:7      | Reached XP level 10. HP: 27/61 MP: 10/10
  8386 | D:8      | Noticed Erica
  8418 | D:7      | Killed Erica
  8419 | D:7      | Reached skill level 9 in Maces & Flails
  9516 | D:8      | Got a polished chain mail
  9527 | D:8      | Identified the +3 chain mail "Utwior" {Str+4 SInv} (You
                  | found it on level 8 of the Dungeon)
  9750 | D:8      | Found a staircase to the Lair.
  9865 | D:9      | Found a flagged portal.
  9925 | Bailey   | Entered a bailey
 11332 | Bailey   | Reached XP level 11. HP: 55/67 MP: 11/11
 11372 | Bailey   | Reached skill level 10 in Maces & Flails
 11536 | Bailey   | Noticed an orc knight
 11551 | Bailey   | Slain by an orc warrior

Illustrated notes

Levels and vault maps discovered:
D:1:      dpeg_arrival_arbitrary_c, layout_basic
D:2:      layout_basic, serial_curves, eino_curves_04, eino_curves_02,
          eino_curves_03, eino_curves_01, chequers_ecumenical_altar_twisty,
          kennysheep_generic_room_11
D:3:      layout_basic, nicolae_overflow_crystal_walls, uniq_ijyb
D:4:      layout_loops_corners, minmay_temple_entry_mist, uniq_pikel,
          uniq_blork_the_orc
D:5:      lemuel_upstairs_altar, layout_gridville, uniq_eustachio
D:6:      layout_rooms, minmay_tree_intersection, guppyfry_early_elven_hall
D:7:      layout_basic, uniq_joseph
D:8:      layout_gridville, grunt_lair_entry_orc_guard_hut, uniq_erica
D:9:      layout_roguey, enter_bailey_8
Temple:   kilobyte_greek_temple
Bailey:   bailey_polearm_2, bailey

Skill      XL: |  1  2  3  4  5  6  7  8  9 10 11 |
---------------+----------------------------------+-----
Armour         | 1 2 3 4 5 7 |  7.2
Dodging        | 3 4 6 7 8 |  8.5
Fighting       | 3 4 5 6 7 |  7.7
Maces & Flails | 4 5 7 8 9 10 | 10.0
Throwing       | |  1.7

Action                   |  1- 3 |  4- 6 |  7- 9 | 10-12 || total
-------------------------+-------+-------+-------+-------++-------
Melee: Flail             |    85 |   156 |   345 |   532 ||  1118
Throw: Throwing net      |     1 |     3 |     1 |       ||     5
 Abil: Evoke Flight      |       |       |       |     1 ||     1
Evoke: Wand              |       |       |     1 |       ||     1
  Use: Scroll            |       |       |     8 |     6 ||    14
       Potion            |       |       |     1 |     3 ||     4
 Stab: Sleeping          |       |     1 |       |       ||     1
       Held in net/web   |       |     1 |       |       ||     1
Armor: Leather armour    |    33 |    47 |       |       ||    80
       Ring mail         |       |    19 |   175 |   147 ||   341
       Chain mail        |       |       |       |   146 ||   146
       Skin              |       |       |       |    17 ||    17
Dodge: Dodged            |    72 |   106 |   279 |   426 ||   883
